 Dungeon Crawl Stone Soup version 0.27-a0-1196-g3e9cee4cb2 (webtiles) character file.

Game seed: 8993948304466561828

431 lightspider the Skirmisher (level 6, -2/50 HPs)
             Began as a Draconian Monk on May 28, 2021.
             Was a Believer of Hepliaklqana.
             Slain by a vampire (4 damage)
             ... on level 5 of the Dungeon.
             The game lasted 00:13:31 (3924 turns).

lightspider the Skirmisher (Draconian Monk)         Turns: 3924, Time: 00:13:32

Health: -2/50      AC:  6    Str: 15    XL:     6   Next: 66%
Magic:  6/6        EV: 13    Int: 11    God:    Hepliaklqana [**....]
Gold:   135        SH:  0    Dex: 13    Spells: 5/5 levels left

rFire    + . .     SeeInvis .   a - +1 spear
rCold    . . .     Faith    .   (no shield)
rNeg     + . .     Spirit   .   (armour unavailable)
rPois    .         Reflect  .   (helmet restricted)
rElec    .         Harm     .   (no cloak)
rCorr    .         Rampage  .   (no gloves)
Will     .....                  (no boots)
Stlth    ++........             (no amulet)
HPRegen  0.16/turn              f - ring of protection from fire
MPRegen  0.10/turn              o - ring of positive energy

@: no status effects
A: reduced essence, AC +6, unfitting armour, cold-blooded
a: Renounce Religion, Recall Ancestor, Ancestor Identity


You were on level 5 of the Dungeon.
You worshipped Hepliaklqana.
Hepliaklqana was pleased with you.
You visited 2 branches of the dungeon, and saw 6 of its levels.

You collected 135 gold pieces.

Inventory:

Hand Weapons
 a - a +1 spear (weapon)
Missiles
 d - 12 poisoned darts (quivered)
Jewellery
 f - a ring of protection from fire (left hand)
 o - a ring of positive energy (right hand)
 p - a ring of see invisible
Wands
 e - a wand of iceblast (7)
 m - a wand of acid (9)
Scrolls
 c - 8 scrolls of identify
 g - a scroll of enchant armour
 i - a scroll of teleportation
 k - a scroll of noise {unknown}
 n - a scroll of enchant weapon
 q - a scroll of magic mapping
Potions
 b - 2 potions of brilliance
 h - a potion of haste
 j - 3 potions of curing
 l - a potion of heal wounds {unknown}
 r - a potion of mutation {unknown}


   Skills:
 + Level 5.5 Fighting
 + Level 5.0 Polearms
 + Level 4.4 Dodging
 - Level 1.7 Stealth
 + Level 0.0 Unarmed Combat


You had 5 spell levels left.
You didn't know any spells.
Your spell library was empty.

Dungeon Overview and Level Annotations

Branches:
Dungeon (5/15)             Temple (1/1) D:4

Altars:
Cheibriados
Elyvilon
Gozag
Hepliaklqana
Makhleb
Nemelex Xobeh
Trog
Uskayaw
Wu Jian
Xom

Shops:
D:1 [


Innate Abilities, Weirdness & Mutations

Your life essence is reduced to manifest your ancestor. (-10% HP)
Your plain brown scales are hard. (AC +6)
You cannot fit into any form of body armour.
You are cold-blooded and may be slowed by cold attacks.


Message History

A vampire comes into view.
You swap places.
What are your orders? t - Shout!
Orders for allies: a - Attack new target. r - Retreat! s - Stop attacking. g - Guard the area. f - Follow me.
Anything else - Cancel.
Gang up on whom?
Press: ? - help, Dir - move target, f - vampire
Aim: a vampire Attack!
The vampire gestures at you while chanting.
You are confused.
You barely miss Ahhotep.
The vampire points at itself and mumbles some strange words.
The vampire flickers and vanishes!
Deactivating autopickup; reactivate with Ctrl-A.
You completely miss something. Something hits you! Something bites you!
Something draws strength from your injuries!
You bump into the rock wall.
Ahhotep barely misses something.
Something hits you. Something bites you!
* * * LOW HITPOINT WARNING * * *
Something draws strength from your injuries!
You bump into the rock wall.
Ahhotep barely misses something.
Something hits you.
* * * LOW HITPOINT WARNING * * *
Something barely misses you.
You bump into the rock wall.
You feel less confused.
Ahhotep hits something with a +0 flail!
You hear some strange, mumbled words.
Something tries to affect you, but you resist.
Okay, then.
As you read the scroll of identify, it crumbles to dust.
j - 3 potions of curing Ahhotep hits something with a +0 flail!
Something hits you!
* * * LOW HITPOINT WARNING * * *
Something bites you.
You die...

... #..≈≈≈....## #
#.####..≈⌠......## #
#.#.##....≈..<...## #
#####.)...............####
............+.........'...
####....####.....)...####
##.#.## ##.......## #
#...########<....##
##.#R{@...###...##
#.#.####.# ##+## #.#.# #.#
#.#.####.####.#######
#.#.##..............#
#.#.# ##)..##.#.## .....
#.......#... #..
##....#####. ##.#...#...


You could see the friendly Ahhotep the knight.

Vanquished Creatures
  A centaur (D:5)
  An orc priest (D:4)
  An iguana (D:4)
  3 adders
  A shadow imp (D:5)
  A dart slug (D:5)
  2 orcs (D:4)
  9 bats
  4 endoplasms
  2 giant cockroaches
  7 goblins
  7 hobgoblins
  7 jackals
  5 quokkas
  5 ball pythons
  3 frilled lizards
  7 kobolds
  2 rats (D:1)
68 creatures vanquished.

Vanquished Creatures (collateral kills)
  A black bear (D:4)
  A phantom (D:4)
  2 adders
  A worm (D:5)
  A dart slug (D:4)
  An orc (D:4)
  A quokka (D:4)
8 creatures vanquished.

Grand Total: 76 creatures vanquished

Notes
Turn   | Place    | Note
-------+----------+-------------------------------------------
     0 | D:1      | lightspider the Draconian Monk began the quest for the Orb.
     0 | D:1      | Reached XP level 1. HP: 19/19 MP: 1/1
    96 | D:1      | Reached XP level 2. HP: 25/26 MP: 2/2
   342 | D:1      | Found Madd's Armour Shoppe.
   684 | D:1      | Reached XP level 3. HP: 33/33 MP: 3/3
  1550 | D:2      | Reached XP level 4. HP: 27/40 MP: 4/4
  2600 | D:4      | Found a staircase to the Ecumenical Temple.
  2606 | Temple   | Entered the Ecumenical Temple
  2637 | Temple   | Became a worshipper of Hepliaklqana the Forgotten
  2637 | Temple   | Reached * piety under Hepliaklqana
  2637 | Temple   | Reached ** piety under Hepliaklqana
  2638 | Temple   | Remembered your ancestor Ahhotep as a knight
  2887 | D:4      | Noticed a black bear
  2895 | D:4      | Killed a black bear
  2896 | D:4      | Reached XP level 5. HP: 42/42 MP: 5/5
  2913 | D:4      | Noticed a phantom
  2918 | D:4      | Reached skill level 5 in Fighting
  2926 | D:4      | Killed a phantom
  2927 | D:4      | Reached XP level 6. HP: 17/50 MP: 6/6
  3416 | D:5      | Entered Level 5 of the Dungeon
  3861 | D:5      | Reached skill level 5 in Polearms
  3912 | D:5      | Noticed a vampire
  3924 | D:5      | HP: 2/50 [something (10)]
  3924 | D:5      | Slain by a vampire

Illustrated notes

Levels and vault maps discovered:
D:1:      amcnicky_arrival_double_pillar, layout_basic, serial_shops, shop,
          minmay_split_cup_small
D:2:      layout_loops_ring
D:3:      layout_basic
D:4:      layout_rooms, minmay_temple_entry_waves
D:5:      layout_loops_corners, minmay_misc_feat_roman,
          corexii_leaking_fountain, uniq_eustachio
Temple:   eino_wide_crystal_templ

Skill      XL: |  1  2  3  4  5  6 |
---------------+-------------------+-----
Dodging        | 3 4 |  4.4
Fighting       | 4 5 |  5.5
Polearms       | 4 5 |  5.0
Stealth        | |  1.7

Action                   |  1- 3 |  4- 6 || total
-------------------------+-------+-------++-------
Melee: Spear             |   168 |    83 ||   251
       Tailslap          |    13 |    10 ||    23
Throw: Dart              |       |     3 ||     3
Invok: Recall Ancestor   |       |     1 ||     1
       Ancestor Life: Kn |       |     1 ||     1
  Use: Scroll            |     2 |     7 ||     9
 Stab: Sleeping          |     6 |     3 ||     9
       Distracted        |     2 |       ||     2
Armor: Skin              |    29 |    19 ||    48
Dodge: Dodged            |    77 |    34 ||   111

Table legend: (Time is in decaauts)
 A = Elapsed time spent in this place.
 B = Non-inter-level travel time spent in this place.
 C = Inter-level travel time spent in this place.
 D = Time resting spent in this place.
 E = Time spent auto-exploring this place.
 F = Levels seen in this place.
 G = Mean time per level.
                   A        B        C        D        E       F      G
               +--------+--------+--------+--------+--------+-----+--------+
         Total |   3901 |   3769 |    132 |    548 |   2531 |   6 |  650.2 |
       Dungeon |   3852 |   3720 |    132 |    548 |   2531 |   5 |  770.4 |
        Temple |     48 |     48 |      0 |      0 |      0 |   1 |   48.0 |
               +--------+--------+--------+--------+--------+-----+--------+

Top non-repeatable levels by time:
     D:2: 983 daAuts
     D:1: 828 daAuts
     D:4: 786 daAuts
     D:3: 749 daAuts
     D:5: 505 daAuts
  Temple: 48 daAuts
